 Dungeon Crawl Stone Soup version 0.23.0 (webtiles) character file.

Game seed: 10567089038961596150

2258880 NormalPerson7T the Slayer (level 27, 186/296 HPs)
             Began as a Deep Dwarf Earth Elementalist on Feb 10, 2019.
             Was the Champion of Makhleb.
             Escaped with the Orb
             ... and 4 runes!
             The game lasted 03:12:21 (77818 turns).

NormalPerson7T the Slayer (DDEE)                   Turns: 77818, Time: 03:12:22

Health: 186/296    AC: 44    Str: 16 (20) XL:     27
Magic:  33/33      EV: 10    Int: 16 (18) God:    Makhleb [******]
Gold:   5295       SH: 22    Dex: 10 (15) Spells: 35/50 levels left

rFire    + + +     SeeInvis +   M - +6 broad axe (vamp) {!w}
rCold    + + +     Gourm    .   B - +5 shield
rNeg     + . .     Faith    .   b - +9 scales of the Dragon King {rPois rF+ rC+ MR+}
rPois    +         Spirit   .   L - +2 helmet
rElec    +         Reflect  .   k - +2 cloak {MR+}
rCorr    .         Harm     .   G - +2 pair of gloves
MR       +++++                  S - +2 pair of boots
Stlth    ..........             O - amulet of Ruorrirr {+Rage rElec rF++ Str-2 SInv}
HPRegen  0.00/turn              y - ring "Rako Naik" {rElec MR+ Str-3 SInv}
MPRegen  0.23/turn              Z - ring of the Trilobite {rF+ rC++ Str+4}

@: non-regenerating
A: damage resistance, heal wounds, large bone plates 1, agile 1, cold resistance
1, deformed body, dopey 1, negative energy resistance 1, sense surroundings 3,
poison resistance, subdued magic 1, no regeneration
0: Orb of Zot
}: 4/15 runes: barnacled, slimy, silver, gossamer
a: Heal Wounds, Minor Destruction, Lesser Servant of Makhleb, Major Destruction,
Greater Servant of Makhleb, Renounce Religion, Evoke Berserk Rage


You escaped.
You worshipped Makhleb.
Makhleb was exalted by your worship.
You were not hungry.

You visited 11 branches of the dungeon, and saw 55 of its levels.
You also visited: Ice Cave.

You collected 7578 gold pieces.
You spent 2283 gold pieces at shops.

Inventory:

Hand Weapons
 M - a +6 vampiric broad axe (weapon) {!w}
 N - a +9 vampiric war axe {!w}
Missiles
 U - 706 stones
 X - 8 throwing nets (quivered) {!f}
Armour
 b - the +9 scales of the Dragon King (worn) {rPois rF+ rC+ MR+}
   (You found it on level 6 of the Lair of Beasts)

   It protects you from fire.
   It protects you from cold.
   It protects you from poison.
   It affects your resistance to hostile enchantments.
 k - a +2 cloak of magic resistance (worn)
 B - a +5 shield (worn)
 G - a +2 pair of gloves (worn)
 L - a +2 helmet (worn)
 S - a +2 pair of boots (worn)
Jewellery
 g - the brooch of Shielding {Reflect SH+8}
   (You found it on level 5 of the Vaults)

   [amulet of reflection]

   It shields you and reflects attacks.
   It affects your SH (+8).
 y - the ring "Rako Naik" (left hand) {rElec MR+ Str-3 SInv}
   (You bought it in a shop on level 15 of the Dungeon)

   [ring of strength]

   It affects your strength (-3).
   It insulates you from electricity.
   It affects your resistance to hostile enchantments.
   It lets you see invisible.
 I - an uncursed ring of resist corrosion
 O - the amulet of Ruorrirr (around neck) {+Rage rElec rF++ Str-2 SInv}
   (You took it off a deep elf sorcerer on level 3 of the Elven Halls)

   [amulet of rage]

   It affects your strength (-2).
   It greatly protects you from fire.
   It insulates you from electricity.
   It lets you see invisible.
   It lets you go berserk.
 Z - the ring of the Trilobite (right hand) {rF+ rC++ Str+4}
   (You acquired it on level 3 of the Elven Halls)

   [ring of protection from fire]

   It affects your strength (+4).
   It protects you from fire.
   It greatly protects you from cold.
Wands
 a - a wand of iceblast (16)
 d - a wand of paralysis (11)
 j - a wand of scattershot (5)
 m - a wand of digging (39)
 p - a wand of clouds (2)
 V - a wand of enslavement (23)
 Y - a wand of flame (78)
Scrolls
 i - 17 scrolls of identify
 r - 16 scrolls of remove curse
 s - 2 scrolls of summoning {!r}
 t - 19 scrolls of teleportation
 x - 8 scrolls of blinking
 A - 4 scrolls of magic mapping
 J - a scroll of amnesia
 K - 2 scrolls of immolation
 Q - 6 scrolls of fear
 R - 4 scrolls of silence {!r}
 W - 7 scrolls of fog
Potions
 c - 20 potions of curing
 f - 3 potions of haste
 h - 11 potions of heal wounds
 l - 2 potions of cancellation
 n - 7 potions of lignification {!q}
 q - 6 potions of mutation {!q}
 u - 3 potions of ambrosia
 v - 3 potions of magic
 w - 2 potions of resistance
 z - 2 potions of might
 D - 10 potions of flight
 F - 9 potions of agility
 H - 3 potions of invisibility
 P - 8 potions of berserk rage
Miscellaneous
 o - a lamp of fire
 C - a lightning rod (4/4)
 T - a phial of floods
Comestibles
 e - 68 rations


   Skills:
 * Level 26.8 Fighting
 - Level 18.0 Axes
 * Level 24.0 Armour
 + Level 20.6 Dodging
 - Level 2.4 Stealth
 - Level 15.0 Shields
 - Level 12.0 Spellcasting
 - Level 6.8 Conjurations
   Level 0.8 Transmutations
 - Level 14.0 Earth Magic
 - Level 3.4 Poison Magic
 - Level 15.0 Invocations
 - Level 12.0 Evocations


You had 35 spell levels left.
You knew the following spells:

 Your Spells              Type           Power        Failure   Level  Hunger
a - Sandblast             Erth           #####.       1%          1    None
d - Lee's Rapid Deconstr  Erth           #####.....   16%         5    #####..
t - Olgreb's Toxic Radia  Pois           ###.....     99%         4    ##.....
x - Stone Arrow           Conj/Erth      ####..       7%          3    None
X - Blink                 Tloc           N/A          96%         2    None

Your spell library contained the following spells:

 Spells                   Type           Power        Failure   Level  Hunger
 Magic Dart               Conj           ###.         11%         1    None
 Passwall                 Tmut/Erth      ####....     13%         2    None
 Searing Ray              Conj           ###...       17%         2    None
 Sting                    Conj/Pois      ###.         22%         1    None
 Flame Tongue             Conj/Fire      ###..        43%         1    None
 Shock                    Conj/Air       ###.         43%         1    None
 Throw Flame              Conj/Fire      ###...       58%         2    None
 Throw Frost              Conj/Ice       ###...       58%         2    None
 Petrify                  Tmut/Erth      ####....     65%         4    ##.....
 Leda's Liquefaction      Hex/Erth       ###.......   71%         4    ##.....
 Iskenderun's Mystic Bla  Conj           ###.....     75%         4    ##.....
 Beastly Appendage        Tmut           #.....       80%         1    None
 Mephitic Cloud           Conj/Pois/Air  ###.....     80%         3    None
 Poisonous Vapours        Pois/Air       ##....       82%         2    None
 Conjure Flame            Conj/Fire      ###.....     82%         3    None
 Dazzling Spray           Conj/Hex       ###...       82%         3    None
 Static Discharge         Conj/Air       ###.....     82%         3    None
 Animate Skeleton         Necr           N/A          89%         1    None
 Apportation              Tloc           #.....       89%         1    None
 Confusing Touch          Hex            #.....       89%         1    None
 Corona                   Hex            #......      89%         1    None
 Freeze                   Ice            #...         89%         1    None
 Pain                     Necr           #...         89%         1    None
 Summon Butterflies       Summ           #.......     89%         1    None
 Summon Small Mammal      Summ           #...         89%         1    None
 Call Imp                 Summ           #.......     96%         2    None
 Corpse Rot               Necr           N/A          96%         2    None
 Ensorcelled Hibernation  Hex/Ice        #.....       96%         2    None
 Shroud of Golubria       Chrm/Tloc      #.........   96%         2    None
 Slow                     Hex            #.......     96%         2    None
 Sublimation of Blood     Necr           #.........   96%         2    None
 Swiftness                Chrm/Air       #.......     96%         2    None
 Borgnjor's Vile Clutch   Necr/Erth      ###.......   96%         5    #####..
 Ignite Poison            Fire/Tmut/Pois ##......     97%         3    None
 Bolt of Magma            Conj/Fire/Erth ###.......   97%         5    #####..
 Call Canine Familiar     Summ           #.......     99%         3    None
 Gell's Gravitas          Tloc           #.........   99%         3    None
 Inner Flame              Hex/Fire       #.......     99%         3    None
 Lesser Beckoning         Tloc           #.........   99%         3    None
 Ozocubu's Armour         Chrm/Ice       #.......     99%         3    None
 Portal Projectile        Hex/Tloc       #.....       99%         3    None
 Recall                   Summ/Tloc      N/A          99%         3    None
 Spectral Weapon          Hex/Chrm       #.......     99%         3    None
 Summon Guardian Golem    Hex/Summ       #.......     99%         3    None
 Teleport Other           Tloc           #.......     99%         3    None
 Vampiric Draining        Necr           #.........   99%         3    None
 Force Lance              Conj/Tloc      ###.....     99%         4    ##.....
 Fulminant Prism          Conj/Hex       ###.......   99%         4    ##.....
 Sticky Flame             Conj/Fire      ###.....     99%         4    ##.....
 Throw Icicle             Conj/Ice       ###.....     99%         4    ##.....
 Airstrike                Air            #.........   100%        4    ##.....
 Animate Dead             Necr           N/A          100%        4    ##.....
 Cause Fear               Hex            #.........   100%        4    ##.....
 Ice Form                 Ice/Tmut       #.......     100%        4    ##.....
 Summon Ice Beast         Ice/Summ       #.......     100%        4    ##.....
 Summon Lightning Spire   Summ/Air       #.......     100%        4    ##.....
 Alistair's Intoxication  Tmut/Pois      ##......     100%        5    #####..
 Bolt of Draining         Conj/Necr      ###.......   100%        5    #####..
 Fireball                 Conj/Fire      ###.......   100%        5    #####..
 Irradiate                Conj/Tmut      ###.......   100%        5    #####..
 Iskenderun's Battlesphe  Conj/Chrm      ###.....     100%        5    #####..
 Lightning Bolt           Conj/Air       ###.......   100%        5    #####..
 Metabolic Englaciation   Hex/Ice        #.........   100%        5    #####..
 Silence                  Hex/Air        #.........   100%        5    #####..
 Summon Demon             Summ           #.........   100%        5    #####..
 Summon Mana Viper        Hex/Summ       #.......     100%        5    #####..
 Venom Bolt               Conj/Pois      ###.......   100%        5    #####..
 Yara's Violent Unravell  Hex/Tmut       #.........   100%        5    #####..
 Bolt of Cold             Conj/Ice       ###.......   100%        6    ######.
 Bolt of Fire             Conj/Fire      ###.......   100%        6    ######.
 Conjure Ball Lightning   Conj/Air       ###.......   100%        6    ######.
 Death Channel            Necr           #.........   100%        6    ######.
 Deflect Missiles         Chrm/Air       #.........   100%        6    ######.
 Freezing Cloud           Conj/Ice/Air   ##........   100%        6    ######.
 Hydra Form               Tmut           #.........   100%        6    ######.
 Ozocubu's Refrigeration  Ice            #.........   100%        6    ######.
 Simulacrum               Ice/Necr       #.........   100%        6    ######.
 Statue Form              Tmut/Erth      ####.....    100%        6    ######.
 Dragon Form              Tmut           #.........   100%        7    #######
 Ring of Flames           Chrm/Fire      #.........   100%        7    #######
 Spellforged Servitor     Conj/Summ      ###.......   100%        7    #######
 Summon Hydra             Summ           #.........   100%        7    #######
 Discord                  Hex            #.........   100%        8    #######
 Ignition                 Fire           #.........   100%        8    #######
 Tornado                  Air            #.........   100%        9    #######
 Regeneration             Chrm/Necr      Unusable     N/A         3    N/A
 Passage of Golubria      Tloc           Unusable     N/A         4    N/A

Dungeon Overview and Level Annotations

Branches:
Dungeon (15/15)            Temple (1/1) D:7            Lair (6/6) D:11
 Shoals (4/4) Lair:2       Spider (4/4) Lair:2        Slime (5/5) Lair:6
    Orc (2/2) D:11            Elf (3/3) Orc:2        Vaults (5/5) D:13
  Crypt (0/3) Vaults:3     Depths (5/5) D:15            Zot (5/5) Depths:5

Altars:
Ashenzari
Cheibriados
Dithmenos
Elyvilon
Fedhas
Gozag
Hepliaklqana
Kikubaaqudgha
Makhleb
Nemelex Xobeh
Okawaru
Qazlal
Ru
Sif Muna
Trog
Uskayaw
Vehumet
Wu Jian
Xom
Yredelemnul
Zin
The Shining One
Beogh
Lugonu

Shops:
D:9 !   D:15 (:?[=   Orc:2 ([*=   Shoals:1 (   Shoals:3 *   Vaults:3 (
Vaults:4 *(   Depths:5 ?

Portals:
Hell: Depths:1 Depths:2 Depths:3 Depths:4 Depths:5
Abyss: Depths:2 Depths:4 Depths:5
Pandemonium: Depths:3
Ziggurat: Depths:2
Bazaar: Elf:1
Trove: D:15 (give +3 ice dragon scales)

Annotations:
D:2 Terence
D:5 Prince Ribbit
D:6 3 runed translucent doors, exclusion: 3 doors, kaze's ghost, novice HOFi
D:11 3 runed translucent doors, 1 exclusion
D:13 2 runed translucent doors, atarun's ghost, journeyman TrBe
Lair:2 exclusion: 3 oklob plants
Lair:6 exclusion: 2 oklob plants
Shoals:4 3 runed translucent doors, exclusion: obsidian statue, dvd's ghost, adept HOMo
Elf:1 exclusion: orange crystal statue


Innate Abilities, Weirdness & Mutations

You are resistant to damage.
You can heal yourself by infusing magical energy.
You resist negative energy. (rN+)
You passively map a large area around you.
You do not regenerate.
You are partially covered in large bone plates. (SH +4)
You are agile. (Dex +2)
Your flesh is cold resistant. (rC+)
Armour fits poorly on your strangely shaped body.
You are dopey. (Int -2)
Your system is resistant to poisons. (rPois)
Your spells are a little easier to cast, but a little less powerful.


Message History

You slash the plant! You hit the plant. You slash the plant! You hit the plant.
You destroy the plant!
You hit the plant but do no damage. You hit the plant.
Your scales of the Dragon King prevents you from hitting the Orb Guardian.
You hit the plant but do no damage. You block the Orb Guardian's attack.
The Orb Guardian hits you but does no damage.
The Orb Guardian hits you!!
There is a staircase leading out of the dungeon here.
You hit the Orb Guardian.
The Orb Guardian is lightly wounded.
You hit the plant. x2; You slice the plant!!
You hit the plant. You slice the plant!! The Orb Guardian hits you!!
You slash the Orb Guardian!
You feel better.
The Orb Guardian is moderately wounded.
You hit the plant. You hit the plant but do no damage. You slash the plant!
You hit the plant but do no damage. You hit the plant.
The Orb Guardian hits you but does no damage.
You block the Orb Guardian's attack.
You have escaped! #..##.#.# ####### #..#....# #.....# #..#..########### #.....# #.>.............# #.....####.....#########.####### #.....##.......#########.......## #........##................###.#. ......##PPPPPPPPPPPPPPPPP..#

#.#.
......##PPPPPP..@..PPPPPP..###.#.
......##PPPP..PPXPP..PPPP........
......##PPP.PPP...PPP.PPP..###.#.
......##PPP.PP.P...PP.PPP..# #.#.
......##PP.PP.PP.PP.PP.PP..# #)##
###.####PP.P.PP.P.PP.P.PP..# #.#.
#.#


#PP.P.P.PPP.P.P.PP..# #.#. #.# #PP(..PP.P.PP.P.PP..# #.## ###.#
#PP.PP.PP.PP.PP.PP..# #.## You could see an Orb Guardian.

Vanquished Creatures
  3 orbs of fire
  5 ancient liches
  Boris (twice) (Vaults:3 Vaults:4)
  Sojobo (Depths:1)
  6 Killer Klowns
  Xtahua (Vaults:2)
  5 curse toes
  17 golden dragons
  2 large abominations
  Jorgrun (Spider:3)
  20 tentacled monstrosities
  6 electric golems
  A Hell Sentinel (D:15)
  A Brimstone Fiend (Zot:3)
  3 liches
  27 Orb Guardians
  4 titans
  A deep elf master archer (Elf:3)
  9 quicksilver dragons
  3 deep elf blademasters
  An Executioner (Depths:5)
  11 acid blobs
  A kraken (Shoals:1)
  Polyphemus (Shoals:3)
  17 death cobs
  16 storm dragons
  6 sphinxes
  17 shadow dragons
  Kirke (D:14)
  7 draconian monks
  12 frost giants
  7 tengu reavers
  5 azure jellies
  The ghost of feelmyfire the Severer, a journeyman HOBe of Trog (D:14)
  6 draconian scorchers
  9 fire giants
  9 ghost moths
  8 vault wardens
  9 draconian shifters
  4 iron dragons
  Louise (Depths:4)
  An emperor scorpion (Spider:4)
  5 deep elf elementalists
  3 draconian knights
  10 deep elf sorcerers
  2 draconian stormcallers
  2 war gargoyles
  A reaper (D:1)
  4 spriggan defenders
  11 draconian annihilators
  2 ghouls
  16 ironheart preservers
  23 stone giants
  4 vampire knights
  10 deep elf demonologists
  4 entropy weavers
  30 very ugly things
  12 green draconians
  A lorocyproca (D:4)
  Nessos (Lair:5)
  11 black draconians
  11 deep elf annihilators
  7 yellow draconians
  7 red draconians
  12 white draconians
  12 purple draconians
  10 spark wasps
  The ghost of reativica the Archer, a journeyman CeHu of Fedhas (Spider:2)
  9 merfolk javelineers
  9 deep elf death magi
  16 ettins
  2 blizzard demons
  7 merfolk impalers
  4 deep elf high priests
  6 death oozes
  Josephine (Lair:6)
  2 jiangshi (Depths:2)
  16 yaktaur captains
  17 ogre magi
  10 great orbs of eyes
  13 fire dragons
  3 hydras
  25 vault guards
  Harold (D:11)
  11 rakshasas
  6 spriggan air magi
  Fannar (Lair:3)
  An alligator snapping turtle (Shoals:4)
  7 ice dragons
  Erolcha (Orc:1)
  An anaconda (shapeshifter) (Vaults:5)
  5 catoblepae
  2 merfolk avatars (Shoals:4)
  A hell beast (Depths:3)
  5 merfolk aquamancers
  28 dancing weapons
  A satyr (Shoals:2)
  44 two-headed ogres
  6 centaur warriors
  3 death knights
  21 deep troll shamans
  9 death yaks
  Urug (Orc:1)
  10 deep troll earth magi
  4 orc high priests (Orc:2)
  3 spriggan berserkers
  3 vampire magi
  6 tengu warriors
  A soul eater (Depths:3)
  24 deep elf knights
  12 iron trolls
  Nergalle (Lair:1)
  Sonja (Lair:3)
  A shadow wraith (Vaults:1)
  4 skeletal warriors (Vaults:1)
  7 hell knights
  A sixfirhy (Depths:3)
  An unseen horror (D:14)
  A flayed ghost (Depths:3)
  6 wizards
  An infernal demonspawn (Depths:3)
  A death drake (shapeshifter) (Vaults:4)
  16 sea snakes
  39 deep trolls
  13 deep elf archers
  An obsidian statue (Zot:5)
  Pikel (D:4)
  A harpy (shapeshifter) (Depths:1)
  A swamp dragon (shapeshifter) (Depths:1)
  6 glowing orange brains
  A wolf spider zombie (D:15)
  5 phantasmal warriors
  11 ironbrand convokers
  15 harpies
  5 shining eyes
  7 necromancers
  12 orc knights
  21 orb spiders
  83 deep elf magi
  7 orc sorcerers
  31 wolf spiders
  7 cyclopes
  19 fauns
  A faun (shapeshifter) (Vaults:5)
  48 ugly things
  A small abomination (Depths:4)
  4 elephants (Lair:6)
  13 manticores
  10 merfolk sirens
  A moth of wrath (shapeshifter) (Depths:2)
  33 moths of wrath
  An eye of devastation (shapeshifter) (Depths:4)
  2 rust devils
  3 human skeletons
  5 ice statues (IceCv)
  4 water nymphs
  An elephant (shapeshifter) (Vaults:5)
  A black mamba (Lair:4)
  An eye of devastation (Slime:5)
  20 vault sentinels
  7 spiny frogs
  A naga mage (D:15)
  3 gargoyles
  2 torpor snails
  2 rime drakes
  A hellion (Zot:5)
  A spiny frog (shapeshifter) (Vaults:2)
  2 kobold demonologists (D:13)
  2 tengu conjurers
  12 freezing wraiths
  An ice devil (Depths:3)
  4 komodo dragons
  An anaconda simulacrum (IceCv)
  10 demonic crawlers
  54 yaktaurs
  25 merfolk
  A polar bear (Lair:4)
  2 trolls (shapeshifter) (Vaults:3)
  2 red devils
  8 trolls
  A meliai (shapeshifter) (Vaults:1)
  A queen bee (Lair:3)
  A wind drake (shapeshifter) (Vaults:4)
  26 jumping spiders
  2 wind drakes
  A raiju (shapeshifter) (Depths:2)
  7 blink frogs
  145 slime creatures
  5 snapping turtles
  10 hornets
  4 dream sheep
  3 hippogriffs
  2 vampires (D:10)
  4 flying skulls (Depths:3)
  A centaur simulacrum (D:15)
  A redback (shapeshifter) (Vaults:5)
  A dire elephant simulacrum (IceCv)
  An air elemental (Elf:1)
  72 redbacks
  4 spriggans
  13 water elementals
  2 fire elementals (Elf:1)
  20 humans (D:13)
  47 yaks
  2 fire bats (Depths:3)
  4 wyverns
  7 wraiths
  3 basilisks
  A golden eye (shapeshifter) (Depths:4)
  A hog (D:14)
  23 tarantellas
  5 golden eyes (Slime:3)
  6 vampire mosquitoes
  2 hungry ghosts
  4 wargs
  2 harpy simulacra (IceCv)
  A soldier ant (D:15)
  A soldier ant (shapeshifter) (Vaults:5)
  An acid dragon (D:13)
  11 water moccasins
  5 hydra simulacra (IceCv)
  4 hell hounds
  9 porcupines
  A floating eye (shapeshifter) (Vaults:5)
  3 floating eyes
  Purgy (D:4)
  A sky beast (shapeshifter) (Depths:1)
  2 black bears (shapeshifter)
  38 orc warriors
  16 ice beasts
  7 sky beasts
  3 phantoms
  2 eyes of draining (shapeshifter)
  38 ogres
  14 wolves
  5 eyes of draining
  13 boggarts
  19 centaurs
  2 human zombies (Vaults:3)
  8 crocodiles
  4 big kobolds
  Blork the orc (D:5)
  29 bullfrogs
  3 earth elementals
  2 glowing shapeshifter simulacra (Vaults:1)
  An ogre simulacrum (Vaults:1)
  A wyvern skeleton (D:14)
  A wyvern zombie (D:12)
  3 scorpions
  An elf simulacrum (Vaults:3)
  39 killer bees
  15 wights
  6 howler monkeys
  3 electric eels
  A vampire bat (D:5)
  11 crimson imps
  5 centaur zombies
  2 human simulacra
  2 jellies
  A quasit (D:6)
  A bullfrog zombie (D:12)
  24 orc priests
  A gnoll shaman (D:6)
  3 hounds
  5 iguanas
  8 centaur skeletons
  2 iron imps
  2 bullfrog skeletons
  28 orc wizards
  10 worker ants
  2 hound skeletons
  A mummy (D:7)
  3 worker ant zombies
  9 gnolls
  13 adders
  4 shadow imps
  4 white imps
  2 ufetubi (Depths:3)
  An ooze (D:1)
  An ooze (shapeshifter) (Depths:2)
  5 adder skeletons
  3 worms
  3 dart slugs
  8 leopard geckos
  80 orcs
  2 ball pythons
  3 giant cockroaches
  8 goblins
  4 hobgoblins
  14 jackals
  4 quokkas
  14 bats
  4 frilled lizards
  A jackal skeleton (D:7)
  17 kobolds
  A leopard gecko zombie (D:5)
  A quokka zombie (D:6)
  12 rats
  3 crawling corpses
  3 fungi
  13 plants
  3 tentacles (Shoals:1)
2555 creatures vanquished.

Vanquished Creatures (collateral kills)
  the Royal Jelly (Slime:5)
  Mara (Vaults:2)
  Boris (Vaults:4)
  Arachne (Spider:3)
  A titan (Vaults:5)
  Ilsuiw (Shoals:2)
  An orc warlord (Orc:1)
  An ironheart preserver (Vaults:5)
  An entropy weaver (Spider:1)
  A death ooze (Slime:5)
  A vault guard (Vaults:5)
  A dancing weapon (Vaults:5)
  A sea snake (Shoals:2)
  An orange crystal statue (Vaults:2)
  3 orb spiders (Spider:4)
  A manticore (Shoals:2)
  2 shining eyes (Slime:3)
  2 fauns (Shoals:2)
  3 wolf spiders (Spider:4)
  A moth of wrath (shapeshifter) (Vaults:5)
  2 hornets (Spider:4)
  A merfolk (Shoals:2)
  2 jumping spiders (Spider:4)
  A slime creature (Slime:3)
  3 redbacks (Spider:4)
  An orc priest (Orc:2)
  3 orc wizards (Orc:2)
  2 orcs
  A plant (Shoals:2)
42 creatures vanquished.

Vanquished Creatures (others)
  Asterion (Elf:2)
  A deep elf master archer (Elf:3)
  A draconian monk (Zot:1)
  An emperor scorpion (Spider:4)
  2 spark wasps
  An ice dragon (Depths:4)
  A deep elf mage (Elf:1)
  2 moths of wrath
  A rime drake (shapeshifter) (Depths:4)
  A yaktaur (Depths:1)
  A jumping spider (Spider:1)
  2 humans (D:14)
  A boggart (Depths:1)
  3 ogres
  A jelly (D:14)
  A worker ant (D:14)
  A kobold (D:14)
  7 fungi
  29 plants
  6 tentacles (Shoals:1)
64 creatures vanquished.

Grand Total: 2661 creatures vanquished

Notes
Turn   | Place    | Note
-------+----------+-------------------------------------------
     0 | D:1      | NormalPerson7T the Deep Dwarf Earth Elementalist began the
                  | quest for the Orb.
     0 | D:1      | Reached XP level 1. HP: 15/15 MP: 3/3
   222 | D:1      | Reached XP level 2. HP: 13/22 MP: 3/5
   363 | D:1      | Reached skill level 5 in Earth Magic
   541 | D:1      | Reached XP level 3. HP: 21/28 MP: 4/6
   685 | D:1      | Learned a level 3 spell: Stone Arrow
  2004 | D:2      | Noticed Terence
  2223 | D:2      | Reached XP level 4. HP: 36/36 MP: 7/7
  2745 | D:2      | Found a stormy altar of Qazlal.
  3630 | D:3      | Found a basalt altar of Yredelemnul.
  3704 | D:3      | Reached XP level 5. HP: 23/42 MP: 9/9
  3902 | D:3      | Learned a level 5 spell: Lee's Rapid Deconstruction
  3999 | D:4      | Noticed Purgy
  4008 | D:4      | Killed Purgy
  4294 | D:4      | Reached XP level 6. HP: 48/49 MP: 0/11
  4441 | D:4      | Found an opulent altar of Gozag.
  4984 | D:4      | Noticed Pikel
  4984 | D:4      | Noticed a slave
  4984 | D:4      | Noticed a slave
  5005 | D:4      | Killed Pikel
  5005 | D:4      | Reached skill level 10 in Earth Magic
  5005 | D:4      | Reached XP level 7. HP: 54/55 MP: 2/13
  5217 | D:5      | Entered Level 5 of the Dungeon
  5274 | D:5      | Reached XP level 8. HP: 61/62 MP: 1/15
  5384 | D:5      | Noticed Blork the orc
  5394 | D:5      | Killed Blork the orc
  5404 | D:5      | Reached skill level 5 in Spellcasting
  5838 | D:5      | Noticed Prince Ribbit
  6930 | D:6      | Found a runed translucent gate.
  6930 | D:6      | Found a runed translucent gate.
  6930 | D:6      | Found a runed translucent gate.
  7057 | D:6      | Noticed kaze's ghost (novice HOFi)
  7398 | D:6      | Gained mutation: You passively map the area around you.
                  | [Deep Dwarf growth]
  7398 | D:6      | Reached XP level 9. HP: 59/68 MP: 2/17
  7750 | D:7      | Found a staircase to the Ecumenical Temple.
  7778 | Temple   | Entered the Ecumenical Temple
  8266 | D:7      | You fall through a shaft for 3 floors!
  8266 | D:10     | Entered Level 10 of the Dungeon
  8283 | D:10     | Learned a level 2 spell: Blink
  8364 | D:10     | Found a burning altar of Makhleb.
  8485 | D:10     | Noticed a troll
  8649 | D:10     | Reached skill level 1 in Evocations
  8948 | D:10     | Killed a troll
  9014 | D:10     | Became a worshipper of Makhleb the Destroyer
  9285 | D:9      | Noticed a manticore
  9522 | D:9      | Reached skill level 1 in Fighting
  9915 | D:8      | Found an ornate altar of the Wu Jian Council.
  9929 | D:8      | Reached skill level 2 in Fighting
  9933 | D:8      | Reached XP level 10. HP: 50/80 MP: 5/20
 10181 | D:7      | Reached * piety under Makhleb
 10213 | D:7      | Found a burning altar of Makhleb.
 10308 | D:7      | Found a snail-covered altar of Cheibriados.
 10389 | D:7      | Reached skill level 5 in Evocations
 10737 | D:7      | Reached skill level 3 in Fighting
 11168 | D:7      | Found a deep blue altar of Sif Muna.
 11552 | D:8      | Got a pair of warped boots
 11560 | D:8      | Identified the -1 pair of boots of Pathos {Int+2} (You
                  | found it on level 8 of the Dungeon)
 11861 | D:8      | Found Zin's Purification Station.
 11863 | D:8      | Found a glowing silver altar of Zin.
 11866 | D:8      | Bought a potion of curing for 90 gold pieces
 11907 | D:8      | Reached skill level 4 in Fighting
 12915 | D:9      | Killed a manticore
 12915 | D:9      | Reached skill level 5 in Fighting
 13256 | D:9      | Reached ** piety under Makhleb
 13256 | D:9      | Reached skill level 1 in Invocations
 13456 | D:9      | Found Eplah's Distillery.
 13810 | D:10     | Found a white marble altar of Elyvilon.
 14034 | D:10     | Noticed a two-headed ogre
 14037 | D:10     | Killed a two-headed ogre
 14037 | D:10     | Reached XP level 11. HP: 84/97 MP: 7/23
 14322 | D:10     | Found a portal to a secret trove of treasure.
 14527 | D:11     | Reached skill level 6 in Fighting
 14712 | D:11     | Found a staircase to the Orcish Mines.
 15141 | D:11     | Noticed Harold
 15161 | D:11     | Killed Harold
 15161 | D:11     | Reached skill level 5 in Invocations
 15384 | D:11     | Found a runed translucent door.
 15394 | D:11     | Noticed a brown ugly thing
 15439 | D:11     | Noticed a two-headed ogre
 15453 | D:11     | Killed a two-headed ogre
 15453 | D:11     | Reached *** piety under Makhleb
 15591 | D:11     | Reached skill level 7 in Fighting
 16051 | D:11     | Found a staircase to the Lair.
 16224 | D:11     | Noticed an unseen horror
 16225 | D:11     | Found a runed translucent door.
 16225 | D:11     | Found a runed translucent door.
 16225 | D:11     | Noticed a centaur warrior
 16225 | D:11     | Noticed a cyan ugly thing
 16295 | D:11     | Noticed a deep troll earth mage
 16493 | Lair:1   | Entered Level 1 of the Lair of Beasts
 17054 | Lair:1   | Noticed Nergalle
 17062 | Lair:1   | Killed Nergalle
 17586 | Lair:1   | Reached skill level 10 in Spellcasting
 17589 | Lair:1   | Reached skill level 8 in Fighting
 17854 | Lair:2   | Found a hole to the Spider Nest.
 18097 | Lair:2   | Got a dazzling hand crossbow
 18098 | Lair:2   | Identified the +2 hand crossbow "Toovig" {elec, Str+4 Dex+4
                  | Stlth+} (You found it on level 2 of the Lair of Beasts)
 18128 | Lair:2   | Found a staircase to the Shoals.
 18336 | Lair:2   | Noticed an oklob plant
 18593 | Lair:2   | Noticed an oklob plant
 18720 | Lair:2   | Noticed an oklob plant
 18906 | Lair:3   | Noticed Fannar
 18925 | Lair:3   | Killed Fannar
 18925 | Lair:3   | Reached XP level 12. HP: 111/111 MP: 0/26
 19129 | Lair:3   | Noticed Sonja
 19570 | Lair:3   | Killed Sonja
 19570 | Lair:3   | Reached skill level 5 in Dodging
 20167 | Lair:3   | Learned a level 4 spell: Olgreb's Toxic Radiance
 20239 | Lair:3   | Reached **** piety under Makhleb
 20242 | Lair:3   | Reached skill level 1 in Poison Magic
 20473 | Lair:3   | Reached skill level 9 in Fighting
 22406 | Lair:5   | Reached ***** piety under Makhleb
 22702 | Lair:5   | Noticed a four-headed hydra
 22797 | Lair:5   | Killed a four-headed hydra
 22909 | Lair:5   | Noticed Nessos
 22948 | Lair:5   | Your magical essence is drained by the effort!
 22953 | Lair:5   | Killed Nessos
 23500 | Lair:6   | Entered Level 6 of the Lair of Beasts
 23500 | Lair:6   | Noticed a death yak
 23781 | Lair:6   | Reached XP level 13. HP: 90/122 MP: 5/27
 24406 | Lair:6   | Reached skill level 10 in Fighting
 25418 | Lair:6   | Reached skill level 1 in Conjurations
 25652 | Lair:6   | Noticed Josephine
 25808 | Lair:6   | Killed Josephine
 25898 | Lair:6   | Found a blossoming altar of Fedhas.
 26304 | Lair:6   | Found a staircase to the Slime Pits.
 26388 | Lair:6   | Reached skill level 5 in Conjurations
 26953 | Lair:6   | Found the +9 scales of the Dragon King {rPois rF+ rC+ MR+}
 27327 | Orc:1    | Entered Level 1 of the Orcish Mines
 27345 | Orc:1    | Reached skill level 1 in Axes
 27363 | Orc:1    | Noticed Erolcha
 27509 | Orc:1    | Killed Erolcha
 27629 | Orc:1    | Gained mutation: You resist negative energy. (rN+) [Deep
                  | Dwarf growth]
 27629 | Orc:1    | Reached XP level 14. HP: 132/132 MP: 22/29
 27876 | Orc:1    | Noticed Urug
 27892 | Orc:1    | Reached skill level 5 in Axes
 27906 | Orc:1    | Killed Urug
 28207 | Orc:2    | Entered Level 2 of the Orcish Mines
 30024 | Orc:2    | Noticed an orc warlord
 30061 | Orc:1    | Killed an orc warlord
 30545 | Orc:2    | Found a roughly hewn altar of Beogh.
 30729 | Orc:2    | Noticed a stone giant
 30740 | Orc:2    | Killed a stone giant
 30807 | Orc:2    | Found a staircase to the Elven Halls.
 31090 | Orc:2    | Found Vuts's Antique Armour Shop.
 31091 | Orc:2    | Found Ducid's Antique Weapon Boutique.
 31092 | Orc:2    | Found Jecawag's General Store.
 31092 | Orc:2    | Found Jucyl Iwn's Jewellery Shop.
 31108 | Orc:2    | Bought a bloodstained helmet for 332 gold pieces
 31120 | Orc:2    | Identified the +0 helmet of the Slightly Bent {+Fly MR+
                  | Int-2} (You bought it in a shop on level 2 of the Orcish
                  | Mines)
 31132 | Orc:2    | Bought a pair of runed boots for 262 gold pieces
 31405 | D:12     | Reached skill level 10 in Axes
 31696 | D:12     | Found a glowing golden altar of the Shining One.
 32304 | D:13     | Reached skill level 1 in Armour
 32485 | D:13     | Found a large runed translucent door.
 32486 | D:13     | Found a large runed translucent door.
 32486 | D:13     | Noticed atarun's ghost (journeyman TrBe)
 32551 | D:13     | Reached ****** piety under Makhleb
 33263 | D:13     | Reached skill level 1 in Shields
 33346 | D:13     | Reached XP level 15. HP: 138/138 MP: 30/30
 33472 | D:13     | Found a gate to the Vaults.
 33792 | D:14     | Noticed Kirke
 33828 | D:14     | Killed Kirke
 33828 | D:14     | Reached skill level 5 in Armour
 34353 | D:14     | Found a runed translucent door.
 34644 | D:14     | Found a shimmering altar of Xom.
 34644 | D:14     | Noticed feelmyfire's ghost (journeyman HOBe)
 34660 | D:15     | Entered Level 15 of the Dungeon
 34743 | D:15     | Found Woderch's Jewellery Shop.
 34882 | D:15     | Found a portal to a secret trove of treasure.
 35095 | D:15     | Found Qego's Magic Scroll Shoppe.
 35120 | D:15     | Found Misyucso's Book Boutique.
 35242 | D:15     | Found a shadowy altar of Dithmenos.
 35348 | D:15     | Found a staircase to the Depths.
 35490 | D:15     | Found Zihuxe's Weapon Shop.
 35508 | D:15     | Found Ruunetoc's Antique Armour Shop.
 35516 | D:15     | Bought a shimmering buckler for 332 gold pieces
 35528 | D:15     | Identified the +1 buckler "Soleem" {rN+ Str+2 Dex+2 SInv}
                  | (You bought it in a shop on level 15 of the Dungeon)
 35696 | Spider:1 | Entered Level 1 of the Spider Nest
 36836 | Spider:2 | Reached skill level 15 in Axes
 36868 | Spider:2 | Reached XP level 16. HP: 146/146 MP: 31/31
 36983 | Spider:2 | Identified a scroll of acquirement
 37277 | Spider:2 | Found a large runed translucent door.
 37277 | Spider:2 | Found a large runed translucent door.
 37279 | Spider:2 | Noticed reativica's ghost (journeyman CeHu)
 37442 | Spider:2 | Killed reativica's ghost
 37526 | Spider:3 | Noticed Jorgrun
 37551 | Spider:3 | Killed Jorgrun
 37677 | Spider:3 | Noticed Arachne
 37698 | Spider:3 | Killed Arachne
 38303 | Spider:4 | Entered Level 4 of the Spider Nest
 38376 | Spider:4 | Reached skill level 10 in Armour
 38425 | Spider:4 | Your magical essence is drained by the effort!
 39203 | Spider:4 | Your magical essence is drained by the effort!
 39248 | Spider:4 | Reached skill level 11 in Fighting
 39886 | Spider:4 | Reached XP level 17. HP: 157/157 MP: 30/30
 40086 | Spider:4 | Got a gossamer rune of Zot
 40413 | Shoals:1 | Entered Level 1 of the Shoals
 40610 | Shoals:1 | Your magical essence is drained by the effort!
 40624 | Shoals:1 | Your magical essence is drained by the effort!
 40860 | Shoals:1 | Found Ysuruzirch's Antique Weapon Shop.
 41011 | Shoals:1 | Reached skill level 12 in Fighting
 41197 | Shoals:1 | Noticed a kraken
 41221 | Shoals:1 | Killed a kraken
 41430 | D:15     | Bought a scroll of blinking for 142 gold pieces
 41430 | D:15     | Bought a scroll of blinking for 142 gold pieces
 41596 | Shoals:2 | Noticed Ilsuiw
 41925 | Shoals:2 | Identified the Almanac of Attacks
 42206 | Shoals:2 | Killed Ilsuiw
 42206 | Shoals:2 | Reached skill level 10 in Invocations
 42498 | Shoals:3 | Noticed Polyphemus
 42582 | Shoals:3 | Killed Polyphemus
 42825 | Shoals:3 | Found Pukhleece's Assorted Antiques.
 42836 | Shoals:3 | Bought 2 scrolls of teleportation for 210 gold pieces
 42836 | Shoals:3 | Bought a potion of haste for 350 gold pieces
 43099 | Shoals:4 | Entered Level 4 of the Shoals
 43446 | Shoals:4 | Reached skill level 13 in Fighting
 43632 | Shoals:4 | Gained mutation: You passively map a large area around you.
                  | [Deep Dwarf growth]
 43632 | Shoals:4 | Reached XP level 18. HP: 171/171 MP: 29/29
 43995 | Shoals:4 | Found a runed translucent gate.
 43995 | Shoals:4 | Noticed dvd's ghost (adept HOMo)
 43996 | Shoals:4 | Found a runed translucent gate.
 43996 | Shoals:4 | Found an opulent altar of Gozag.
 43997 | Shoals:4 | Found a runed translucent gate.
 44225 | Shoals:4 | Got a barnacled rune of Zot
 44827 | Elf:1    | Entered Level 1 of the Elven Halls
 45021 | Elf:1    | Found a gateway to a bazaar.
 45357 | Elf:1    | Identified Ludosh's Papyrus of Attacks
 45493 | Elf:1    | Reached skill level 15 in Armour
 45508 | Elf:1    | Reached skill level 14 in Fighting
 45617 | Elf:1    | Identified the Disquisition on Snow and Evil
 45926 | Elf:2    | Found a frozen archway.
 45968 | IceCv    | Entered an ice cave
 46885 | Elf:2    | Found a runed translucent gate.
 46885 | Elf:2    | Found a runed translucent gate.
 46885 | Elf:2    | Found a runed translucent gate.
 47091 | Elf:2    | Noticed Asterion
 47116 | Elf:2    | Killed Asterion
 47429 | Elf:2    | Reached XP level 19. HP: 183/183 MP: 30/30
 48118 | Vaults:1 | Entered Level 1 of the Vaults
 48466 | Vaults:1 | Reached skill level 15 in Fighting
 48496 | Vaults:1 | Reached skill level 5 in Shields
 49641 | Vaults:2 | Noticed Xtahua
 49658 | Vaults:2 | Killed Xtahua
 50029 | Vaults:2 | Reached XP level 20. HP: 196/196 MP: 31/31
 50090 | Vaults:2 | Noticed Mara
 50095 | Vaults:2 | Noticed NormalPerson7T's illusion
 50220 | Vaults:2 | Reached skill level 16 in Fighting
 50741 | Vaults:2 | Killed Mara
 51011 | Vaults:3 | Noticed Boris
 51065 | Vaults:3 | Killed Boris
 51477 | Vaults:3 | Reached skill level 17 in Fighting
 51831 | Vaults:3 | Found a staircase to the Crypt.
 51831 | Vaults:3 | Found an ancient bone altar of Kikubaaqudgha.
 51836 | Vaults:3 | Found a basalt altar of Yredelemnul.
 52023 | Vaults:3 | Reached skill level 10 in Shields
 52084 | Vaults:3 | Found Cedyischo's Weapon Boutique.
 52796 | Vaults:4 | Found Xeydoal's Antique Weapon Shop.
 52978 | Vaults:4 | Found Eteuhol's Assorted Antiques.
 53120 | Vaults:4 | Reached XP level 21. HP: 211/211 MP: 32/32
 53156 | Vaults:4 | Reached skill level 18 in Fighting
 54010 | Depths:1 | Entered Level 1 of the Depths
 54108 | Depths:1 | Your magical essence is drained by the effort!
 54390 | Depths:1 | Found a gateway to Hell.
 54498 | Depths:1 | Noticed Sojobo
 54673 | Depths:1 | Reached skill level 19 in Fighting
 54759 | D:15     | Bought the cursed ring "Rako Naik" {rElec MR+ Str-3 SInv}
                  | for 243 gold pieces
 54906 | Depths:1 | Killed Sojobo
 55777 | Depths:2 | Found a one-way gate to the infinite horrors of the Abyss.
 55851 | Depths:2 | Noticed a golden dragon
 55955 | Depths:2 | Killed a golden dragon
 56064 | Depths:2 | Reached XP level 22. HP: 226/226 MP: 32/32
 56082 | Depths:2 | Found a gateway to a ziggurat.
 56546 | Depths:2 | Noticed a golden dragon
 56582 | Depths:2 | Killed a golden dragon
 56582 | Depths:2 | Reached skill level 20 in Fighting
 56787 | Depths:2 | Identified the Collected Works on Combat Magic
 57139 | Depths:3 | Found a one-way gate leading to the halls of Pandemonium.
 58665 | Depths:3 | Reached skill level 21 in Fighting
 58727 | Depths:4 | Reached XP level 23. HP: 196/240 MP: 33/33
 58776 | Depths:3 | Reached skill level 10 in Evocations
 58984 | Depths:4 | Reached skill level 15 in Shields
 59110 | Depths:4 | Identified the cursed +1 great sword of Reapportionment
                  | {slice, +Rage rPois Int-3 Stlth+}
 59297 | Depths:4 | You fall through a shaft!
 59297 | Depths:5 | Entered Level 5 of the Depths
 59473 | Depths:4 | Paralysed by a floating eye for 2 turns
 59940 | Depths:4 | Found a corrupted altar of Lugonu.
 60163 | Depths:4 | Reached skill level 10 in Dodging
 60416 | Depths:5 | Found a gate to the Realm of Zot.
 60419 | Depths:5 | Noticed Louise
 60560 | Depths:4 | Killed Louise
 60716 | Depths:5 | Found Kappynualu's Magic Scroll Shop.
 61407 | Vaults:4 | Noticed Boris
 61436 | Vaults:4 | Killed Boris
 61465 | Vaults:5 | Entered Level 5 of the Vaults
 61493 | Vaults:5 | Reached XP level 24. HP: 252/252 MP: 33/33
 61493 | Vaults:5 | Reached skill level 22 in Fighting
 61501 | Vaults:5 | Noticed Boris
 61522 | Vaults:4 | Killed Boris
 61641 | Vaults:5 | Identified the +8 bardiche of the Final Chapter {chop, rN+}
 61720 | Vaults:5 | Identified the +2 shield "Ozays" {rElec rC++ MR- Dex+4}
 62544 | Vaults:5 | Got a silver rune of Zot
 62632 | Vaults:5 | Noticed an ancient lich
 62655 | Vaults:5 | Killed an ancient lich
 62676 | Vaults:5 | Noticed an ancient lich
 62696 | Vaults:5 | Killed an ancient lich
 62755 | Vaults:5 | Found the cursed +14 obsidian axe {chop, +Fly SInv *Curse}
 62757 | Vaults:5 | Found the brooch of Shielding {Reflect SH+8}
 62767 | Vaults:5 | Identified the Volume of Noxious Talismans
 62780 | Vaults:5 | Identified the amulet of Xom's Esteem {+Inv rC+ rN+ MR-
                  | Regen+} (You found it on level 5 of the Vaults)
 64222 | Slime:1  | Entered Level 1 of the Pits of Slime
 64229 | Slime:1  | Reached skill level 23 in Fighting
 64236 | Slime:1  | Reached XP level 25. HP: 265/265 MP: 33/33
 64724 | Slime:3  | Gained mutation: Your body sometimes deteriorates upon
                  | taking damage. [the power of Zot]
 65368 | Slime:4  | Gained mutation: Scrolls take you a little longer to read.
                  | [a shining eye]
 65836 | Slime:5  | Entered Level 5 of the Pits of Slime
 65839 | Slime:5  | Lost mutation: Your body sometimes deteriorates upon taking
                  | damage. [potion of mutation]
 65839 | Slime:5  | Lost mutation: Scrolls take you a little longer to read.
                  | [potion of mutation]
 65839 | Slime:5  | Gained mutation: You are agile. (Dex +2) [potion of
                  | mutation]
 65839 | Slime:5  | Gained mutation: Your body sometimes deteriorates upon
                  | taking damage. [potion of mutation]
 65839 | Slime:5  | Gained mutation: You can translocate small distances at
                  | will. [potion of mutation]
 65988 | Slime:5  | Noticed the Royal Jelly
 66004 | Slime:5  | Killed the Royal Jelly
 66029 | Slime:5  | Reached skill level 15 in Dodging
 66101 | Slime:5  | Identified the Collected Works on Hexes and Snow
 66141 | Slime:5  | Identified the Compendium of the Mountains and Sinister
                  | Rites
 66144 | Slime:5  | Found the +5 pair of quick blades "Gyre" and "Gimble"
                  | {pierce, Dex-3}
 66152 | Slime:5  | Identified the amulet of Ruoprir {Acrobat rN+ Str+6 Dex-2}
                  | (You found it on level 5 of the Pits of Slime)
 66156 | Slime:5  | Identified the ring "Beyl" {*Tele rElec Str+2} (You found
                  | it on level 5 of the Pits of Slime)
 66175 | Slime:5  | Got a slimy rune of Zot
 66220 | Slime:5  | Identified the -2 pair of boots of the Thunderstorm {Str+4}
                  | (You found it on level 5 of the Pits of Slime)
 66244 | Slime:5  | Gained mutation: You have a pair of small horns on your
                  | head. [a shining eye]
 66248 | Slime:5  | Gained mutation: You tend to lose your temper in combat. [a
                  | shining eye]
 66250 | Slime:5  | Gained mutation: You are partially covered in icy blue
                  | scales. (AC +2) [a shining eye]
 66253 | Slime:5  | Gained mutation: You are frail. (-10% HP) [a shining eye]
 66256 | Slime:5  | Lost mutation: Your body sometimes deteriorates upon taking
                  | damage. [potion of mutation]
 66256 | Slime:5  | Lost mutation: You are frail. (-10% HP) [potion of
                  | mutation]
 66256 | Slime:5  | Lost mutation: You have a pair of small horns on your head.
                  | [potion of mutation]
 66256 | Slime:5  | Gained mutation: Your magical capacity is low. (-10% MP)
                  | [potion of mutation]
 66256 | Slime:5  | Gained mutation: You often lose your temper in combat.
                  | [potion of mutation]
 66256 | Slime:5  | Gained mutation: Your system is resistant to poisons.
                  | (rPois) [potion of mutation]
 66257 | Slime:5  | Lost mutation: You often lose your temper in combat.
                  | [potion of mutation]
 66257 | Slime:5  | Lost mutation: You are partially covered in icy blue
                  | scales. (AC +2) [potion of mutation]
 66257 | Slime:5  | Lost mutation: Your magical capacity is low. (-10% MP)
                  | [potion of mutation]
 66257 | Slime:5  | Lost mutation: You are agile. (Dex +2) [potion of mutation]
 66257 | Slime:5  | Gained mutation: You are partially covered in large bone
                  | plates. (SH +4) [potion of mutation]
 66258 | Slime:5  | Lost mutation: You can translocate small distances at will.
                  | [potion of mutation]
 66258 | Slime:5  | Lost mutation: You tend to lose your temper in combat.
                  | [potion of mutation]
 66258 | Slime:5  | Gained mutation: You are agile. (Dex +2) [potion of
                  | mutation]
 66258 | Slime:5  | Gained mutation: You occasionally shout uncontrollably at
                  | your foes. [potion of mutation]
 66258 | Slime:5  | Gained mutation: Your flesh is cold resistant. (rC+)
                  | [potion of mutation]
 66854 | D:14     | Killed feelmyfire's ghost
 66866 | D:14     | Identified the ring "Adicei" {Ice rElec rPois Dex+2} (You
                  | found it on level 14 of the Dungeon)
 67109 | Elf:3    | Entered Level 3 of the Elven Halls
 67245 | Elf:3    | Identified the ring of the Trilobite {rF+ rC++ Str+4} (You
                  | acquired it on level 3 of the Elven Halls)
 67797 | Elf:3    | Identified the amulet of Ruorrirr {+Rage rElec rF++ Str-2
                  | SInv}
 67887 | Elf:3    | Identified the +9 scimitar of Premature Burial {venom,
                  | rPois}
 67959 | Elf:3    | Identified the Guide on Summoning
 67992 | Elf:3    | Identified Ralepn's Compendium of the Shifting Volcanoes
 67995 | Elf:3    | Identified Biadd's Compendium of Earthen Snow
 68003 | Elf:3    | Identified the Volume of Harmful Beguiling
 68021 | Elf:3    | Identified the Tome of the Assorted Tales
 68850 | Depths:5 | Bought a scroll of enchant weapon for 180 gold pieces
 69632 | Zot:1    | Entered Level 1 of the Realm of Zot
 69650 | Zot:1    | Reached skill level 24 in Fighting
 69747 | Zot:1    | Reached XP level 26. HP: 276/276 MP: 33/33
 69818 | Zot:1    | Found the ring of the Octopus King
 69881 | Zot:1    | Identified a ring of the Octopus King {AC+1 EV+1 Str+1
                  | Int+1 Dex+1 Stlth+} (You found it on level 1 of the Realm
                  | of Zot)
 70628 | Zot:1    | Reached skill level 15 in Invocations
 72063 | Zot:2    | Reached skill level 25 in Fighting
 72359 | Zot:2    | Reached XP level 27. HP: 212/290 MP: 33/33
 73229 | Zot:3    | Noticed an orb of fire
 73239 | Zot:3    | Gained mutation: Scrolls take you a little longer to read.
                  | [an orb of fire]
 73259 | Zot:3    | Gained mutation: You are frail. (-10% HP) [an orb of fire]
 73266 | Zot:3    | Killed an orb of fire
 74614 | Zot:5    | Entered Level 5 of the Realm of Zot
 75126 | Zot:5    | Reached skill level 26 in Fighting
 75730 | Zot:5    | Noticed an ancient lich
 75770 | Zot:5    | Killed an ancient lich
 76046 | Zot:5    | Noticed an ancient lich
 76074 | Zot:5    | Killed an ancient lich
 76084 | Zot:5    | Noticed an ancient lich
 76112 | Zot:5    | Killed an ancient lich
 76202 | Zot:5    | Noticed an orb of fire
 76217 | Zot:5    | Lost mutation: Scrolls take you a little longer to read.
                  | [an orb of fire]
 76235 | Zot:5    | Killed an orb of fire
 76668 | Zot:5    | Noticed an orb of fire
 76669 | Zot:5    | Gained mutation: Your spells are a little easier to cast,
                  | but a little less powerful. [an orb of fire]
 76690 | Zot:5    | Gained mutation: Armour fits poorly on your strangely
                  | shaped body. [an orb of fire]
 76712 | Zot:5    | Lost mutation: You are agile. (Dex +2) [potion of mutation]
 76712 | Zot:5    | Lost mutation: You occasionally shout uncontrollably at
                  | your foes. [potion of mutation]
 76712 | Zot:5    | Lost mutation: You are frail. (-10% HP) [potion of
                  | mutation]
 76712 | Zot:5    | Gained mutation: You are agile. (Dex +2) [potion of
                  | mutation]
 76923 | Zot:5    | Gained mutation: You are dopey. (Int -2) [an orb of fire]
 76947 | Zot:5    | Killed an orb of fire
 77054 | Zot:5    | Got the Orb of Zot
 77638 | D:6      | Noticed a seraph
 77818 | D:$      | Escaped with the Orb!

Skill      XL: |  1  2  3  4  5  6  7  8  9 10 11 12 13 14 15 16 17 18 19 20 21 22 23 24 25 26 27 |
---------------+----------------------------------------------------------------------------------+-----
Spellcasting   | 2 3 4 5 7 8 10 11 12 | 12.0
Earth Magic    | 5 6 7 10 12 14 | 14.0
Evocations     | 4 5 7 9 12 | 12.0
Fighting       | 2 5 8 9 10 11 13 14 15 17 19 21 23 24 25 26 | 26.8
Invocations    | 3 6 8 10 12 13 14 15 | 15.0
Dodging        | 4 7 8 10 13 16 18 20 | 20.6
Poison Magic   | 3 |  3.4
Conjurations   | 6 |  6.8
Axes           | 4 12 15 16 17 18 | 18.0
Armour         | 4 8 11 13 15 17 18 19 20 24 | 24.0
Shields        | 1 4 6 10 13 14 15 | 15.0
Stealth        | |  2.4
Transmutations | |  0.8

Action                   |  1- 3 |  4- 6 |  7- 9 | 10-12 | 13-15 | 16-18 | 19-21 | 22-24 | 25-27 || total
-------------------------+-------+-------+-------+-------+-------+-------+-------+-------+-------++-------
Melee: Unarmed           |     6 |       |       |       |       |       |       |       |       ||     6
       Spear             |    44 |       |       |       |       |       |       |       |       ||    44
       Dagger            |    26 |    90 |       |       |       |       |       |       |       ||   116
       Whip              |       |       |    74 |   183 |    27 |       |       |       |       ||   284
       War axe           |       |       |       |       |  1564 |  2430 |  2576 |  2563 |   800 ||  9933
       Broad axe         |       |       |       |       |       |       |       |       |  2759 ||  2759
       Headbutt          |       |       |       |       |       |       |       |       |     3 ||     3
Throw: Throwing net      |       |       |       |       |       |       |       |       |     3 ||     3
 Cast: Sandblast         |    34 |    18 |    22 |    29 |    22 |       |       |       |       ||   125
       Stone Arrow       |     2 |    16 |    81 |   295 |   259 |       |       |       |       ||   653
       Lee's Rapid Decon |       |     3 |    23 |    75 |    54 |    16 |       |       |       ||   171
       Blink             |       |       |       |     1 |       |       |       |       |       ||     1
       Olgreb's Toxic Ra |       |       |       |     2 |    23 |       |       |       |       ||    25
Invok: Lesser Servant of |       |       |       |     1 |     9 |    13 |     4 |       |       ||    27
       Greater Servant o |       |       |       |       |       |       |     2 |     2 |       ||     4
 Abil: Heal Wounds       |     2 |     1 |     5 |     1 |     1 |     7 |     1 |     1 |     1 ||    20
Evoke: Wand              |       |       |     9 |     7 |     4 |     7 |     7 |    11 |    15 ||    60
       Lamp of fire      |       |       |       |       |       |       |     3 |     1 |     1 ||     5
       Phial of floods   |       |       |       |       |       |       |       |       |     2 ||     2
  Use: Scroll            |     5 |     4 |     1 |    19 |    10 |    17 |     8 |     5 |    30 ||    99
       Potion            |       |       |       |       |     1 |     2 |       |     2 |    18 ||    23
 Stab: Sleeping          |     4 |     3 |     1 |     2 |       |       |       |       |       ||    10
       Distracted        |       |       |       |       |     2 |     9 |     5 |     1 |     1 ||    18
       Petrified         |       |       |       |       |       |    11 |       |       |       ||    11
       Fleeing           |       |       |       |       |       |       |     3 |       |       ||     3
       Invisible         |       |       |       |       |       |       |       |       |     5 ||     5
       Held in net/web   |       |       |       |       |       |       |       |       |     1 ||     1
  Eat: Chunk             |     5 |    10 |    10 |    45 |    40 |    27 |    28 |    20 |    20 ||   205
       Ration            |       |       |     5 |     4 |     5 |     4 |     1 |     3 |    10 ||    32
Armor: Robe              |    14 |    21 |    14 |    65 |    73 |       |       |       |       ||   187
       Gold dragon scale |       |       |       |       |  1093 |  1851 |  1889 |  2353 |  1713 ||  8899
Dodge: Dodged            |    59 |    87 |   130 |   331 |   841 |  1302 |  1196 |  1032 |   971 ||  5949
Block: Buckler           |       |       |       |       |   222 |   708 |   347 |       |       ||  1277
       Shield            |       |       |       |       |       |       |   833 |  1794 |  4307 ||  6934
       Reflection        |       |       |       |       |       |       |       |       |    55 ||    55
